Map: World of Sleepers LE

Players

AngrySmurf

  • Race: Zerg Zerg
  • League: Platinum
  • Spawn Location: 7:00

pHARM - Winner!

  • Race: Zerg Zerg
  • League: Platinum
  • Spawn Location: 1:00

VOD

Have the link to the VOD?

Description

Time

  • Played on: Oct. 5, 2019, 10:53 p.m.
  • Length: 12:32
Show
View Real Time Build Order
Export as new Build Order

AngrySmurf Zerg 

Build Orders: Pool First 

Get SALT Encoding   

  12  0:01  Drone  
  13  0:08  Drone  
  14  0:17  Overlord  
  14  0:27  Extractor  
  13  0:28  Drone  
  14  0:41  Drone  
  14  0:42  Drone  
  16  0:46  Drone  
  17  0:53  Spawning Pool  
  17  0:56  Drone  
  17  1:06  Drone  
  18  1:17  Drone  
  19  1:30  Hatchery  
  18  1:44  Drone x2  
  20  1:48  Queen  
  22  1:55  Overlord  
  22  2:10  Roach Warren  
  22  2:11  Drone  
  22  2:14  Drone  
  23  2:22  Zergling x2  
  24  2:25  Metabolic Boost  
  24  2:31  Extractor  
  24  2:32  Drone  
  24  2:42  Queen  
  24  2:43  Drone x2  
  28  2:53  Drone  
  28  2:54  Drone  
  30  2:59  Drone x2  
  30  3:00  Drone  
  33  3:08  Drone x2  
  35  3:20  Drone  
  35  3:26  Spine Crawler  
  35  3:32  Lair  
  35  3:37  Drone  
  35  3:39  Overlord x2  
  36  3:47  Extractor  
  35  3:51  Spine Crawler  
  35  3:55  Evolution Chamber  
  33  3:57  Drone x2  
  33  3:58  Drone  
  36  4:06  Queen  
  36  4:08  Roach  
  36  4:09  Roach  
  44  4:10  Roach x2  
  46  4:21  Roach x3  
  52  4:43  Overlord x3  
  52  4:49  Baneling Nest  
  51  4:54  Hydralisk Den  
  51  4:59  Drone x2  
  50  5:16  Drone x3  
  53  5:28  Spine Crawler  
  52  5:30  Spine Crawler  
  51  5:44  Hydralisk x2  
  51  5:47  Grooved Spines  
  51  5:48  Drone x3  
  58  6:28  Hydralisk x5, Roach x3  
  58  6:29  Hydralisk  
  76  6:39  Overseer  
  76  6:52  Zerg Missile Weapons Level 1  
  76  6:56  Extractor  
  76  6:57  Drone  
  76  7:09  Hatchery  
  76  7:15  Hatchery  
  74  7:16  Hydralisk  
  76  7:45  Overlord x4  
  76  7:46  Overlord x2  
  76  8:17  Hydralisk x2, Roach  
  76  8:18  Zergling x8, Roach  
  76  8:19  Zergling x2  
  89  8:22  Muscular Augments  
  89  8:23  Glial Reconstitution  
  89  8:33  Evolution Chamber  
  88  8:34  Infestation Pit  
  88  8:36  Spore Crawler  
  88  8:37  Hydralisk x2  
  88  8:38  Zergling x2, Roach x3  
  88  8:39  Zergling x4  
  99  8:43  Queen  
  99  8:46  Drone x3  
  104  8:57  Pneumatized Carapace  
  104  8:58  Drone x2  
  106  9:03  Drone x3  
  109  9:11  Zerg Ground Armor Level 1  
  109  9:17  Zerg Missile Weapons Level 2  
  109  9:27  Hive  
  109  9:30  Baneling  
  109  9:31  Baneling x2  
  109  9:32  Baneling  
  109  9:33  Baneling  
  109  9:34  Baneling x2  
  109  9:36  Baneling  
  109  9:37  Baneling  
  109  9:39  Baneling  
  109  10:05  Drone x6  
  109  10:06  Drone, Hydralisk  
  109  10:07  Hydralisk, Roach  
  116  10:09  Drone x2  
  124  10:15  Extractor  
  124  10:19  Drone x3  
  126  10:28  Overlord x2  
  126  10:43  Infestor x3  
  126  10:44  Hydralisk  
  126  10:45  Roach  
  126  10:47  Zergling x4  
  138  10:51  Zergling x6  
  138  10:53  Baneling x4  
  138  10:54  Baneling  
  141  10:59  Overseer  
  141  11:01  Overseer  
  141  11:03  Drone x2  
  142  11:22  Unknown  
  142  11:23  Drone x5  
  146  11:29  Spine Crawler  
  146  11:30  Drone x2  
  146  11:31  Drone x4  
  140  11:49  Overlord x3  
  140  11:50  Overlord x2  
  140  11:53  Overlord x3, Hydralisk, Viper  
  112  11:55  Roach  
  112  11:56  Zergling x2  
  112  11:57  Zergling x2  
  112  11:59  Zergling x2  
  112  12:00  Zergling x2  
  77  12:01  Zergling x2  
  77  12:02  Zergling x2  
  77  12:03  Zergling x2  
Show
View Real Time Build Order
Export as new Build Order

pHARM Zerg - Winner!

Build Orders: Hatch First 

Get SALT Encoding   

  12  0:01  Drone  
  13  0:12  Overlord  
  13  0:22  Drone  
  14  0:38  Drone x3  
  17  0:55  Hatchery  
  16  1:01  Drone x2  
  18  1:18  Drone, Spawning Pool  
  17  1:23  Drone  
  19  1:35  Drone  
  19  1:37  Extractor  
  19  1:51  Drone  
  20  2:05  Overlord  
  21  2:12  Hatchery  
  20  2:17  Drone x2  
  22  2:39  Queen  
  22  2:40  Hatchery  
  23  2:52  Drone x3  
  26  3:28  Queen  
  26  3:31  Queen  
  26  3:33  Zergling x2  
  26  3:34  Zergling x6  
  34  3:39  Baneling Nest  
  33  3:48  Zergling x4  
  35  3:49  Zergling x2  
  36  4:02  Drone x5  
  41  4:25  Metabolic Boost  
  41  4:39  Baneling x3  
  41  4:40  Baneling x5  
  34  5:28  Evolution Chamber  
  33  5:35  Roach Warren  
  32  5:37  Drone x10  
  32  5:38  Evolution Chamber  
  32  5:40  Overlord x6  
  32  5:41  Overlord x2  
  41  5:48  Lair  
  41  5:51  Overlord x2  
  41  5:58  Queen, Extractor  
  41  6:00  Extractor  
  41  6:10  Zerg Missile Weapons Level 1  
  41  6:13  Hatchery  
  40  6:20  Zerg Ground Armor Level 1  
  40  6:35  Drone x10  
  50  6:46  Extractor  
  49  6:53  Hydralisk Den  
  49  6:54  Roach x5  
  58  6:57  Roach  
  60  7:21  Roach x8  
  76  7:33  Grooved Spines  
  76  7:48  Glial Reconstitution  
  76  7:58  Roach x7  
  86  8:00  Drone x15  
  86  8:02  Queen  
  107  8:12  Zerg Missile Weapons Level 2  
  107  8:23  Drone  
  107  8:24  Drone x2  
  107  8:25  Infestation Pit  
  109  8:46  Extractor  
  109  8:48  Extractor  
  107  8:54  Zerg Ground Armor Level 2  
  107  8:56  Roach x2  
  107  8:57  Overlord x8  
  111  9:17  Roach x3  
  111  9:18  Roach x7  
  131  9:25  Hive  
  131  9:28  Muscular Augments  
  131  9:40  Hydralisk x4  
  131  9:41  Hydralisk  
  141  10:16  Hydralisk x3  
  141  10:17  Hydralisk x8  
  141  10:19  Overlord x2  
  163  10:47  Hydralisk x6  
  163  10:48  Hydralisk x4  
  183  11:05  Hatchery  
  136  11:55  Hydralisk x10  
  136  11:56  Hydralisk x2  
  140  12:23  Lurker Den  
Tags
 
Add a new tag
Caveats
  • Supply blocks, unpowered buildings, or Contaminate may cause inaccurate times.
  • Supply counts are checked every 10 seconds.